[Event "41st Amateur D7"]
[Site "ChessGUI4"]
[Date "2013.07.07"]
[Round "16.2"]
[White "ChessKiss 1.7 64-bit"]
[Black "MadChess 1.2"]
[Result "1/2-1/2"]
[BlackElo "2200"]
[ECO "A80"]
[EventDate "2013.??.??"]
[TimeControl "40/1500:40/1500:40/1500"]
[WhiteElo "2214"]

{ i5 Quad } 1.d4 f5 2.Nf3 Nf6 3.g3 g6 4.Bg2 Bg7 5.c3 O-O 6.Bg5 c6 7.Nbd2 d5 8.Ne5 Nbd7 9.Nxd7 Bxd7 { [%eval 14,12] [%emt 0: 01:15] (Bxd7) } 10.O-O
{ [%eval 9,12] [%emt 0:00:41] (Qb3) } 10...h6
{ [%eval 21,12] [%emt 0:00:31] (h6) } 11.Bf4
{ [%eval 24,14] [%emt 0:00:40] (Bxf6) } 11...Nh5
{ [%eval 30,11] [%emt 0:00:38] (Nh5) } 12.Be5
{ [%eval 17,14] [%emt 0:00:39] (Nf3) } 12...Bxe5
{ [%eval 21,12] [%emt 0:00:46] (Bxe5) } 13.dxe5
{ [%eval 17,13] [%emt 0: 00:38] (dxe5) } 13...Qc7
{ [%eval 40,11] [%emt 0:00:21] (f4) } 14.Qb3
{ [%eval 41,11] [%emt 0:00:37] (Nf3) } 14...Qxe5
{ [%eval 66,11] [%emt 0:00:29] (f4) } 15.Qxb7
{ [%eval 29,11] [%emt 0:00:35] (Qxb7) } 15...Nf6
{ [%eval 48,11] [%emt 0:00:31] (Nf6) } 16.Qa6
{ [%eval 11,11] [%emt 0:00:34] (Qa6) } 16...Rab8
{ [%eval 39,10] [%emt 0:00:26] (Kh8) } 17.Nb3
{ [%eval 9,11] [%emt 0:00:34] (Nf3) } 17...f4
{ [%eval 7,8] [%emt 0:00: 22] (f4) } 18.Qa3
{ [%eval 4,11] [%emt 0:00:49] (Qa3) } 18...Ng4
{ [%eval 39,9] [%emt 0:00:31] (fxg3) } 19.h3
{ [%eval 47,11] [%emt 0:00:31] (Bf3) } 19...fxg3
{ [%eval 22, 12] [%emt 0:00:39] (Nf6) } 20.hxg4
{ [%eval 100,12] [%emt 0:00:28] (hxg4) } 20...gxf2+
{ [%eval 53,12] [%emt 0:00:21] (gxf2) } 21.Rxf2
{ [%eval 62,13] [%emt 0:00:30] (Rxf2) } 21...Rxf2
{ [%eval 21,12] [%emt 0:00:32] (Rxf2) } 22.Kxf2
{ [%eval 67,12] [%emt 0:00:29] (Kxf2) } 22...Rf8+
{ [%eval 20,12] [%emt 0:00:45] (Bxg4) } 23.Bf3
{ [%eval 35,11] [%emt 0:00:28] (Bf3) } 23...Bxg4
{ [%eval 0,13] [%emt 0:00:48] (Bxg4) } 24.Rh1
{ [%eval 80,12] [%emt 0:00:27] (Rg1) } 24...Qf4
{ [%eval 1,12] [%emt 0:00:40] (Qf6) } 25.Nd4
{ [%eval 88,11] [%emt 0:00:26] (Nd4) } 25...e5
{ [%eval 27,13] [%emt 0: 01:05] (e5) } 26.Rh4
{ [%eval 94,11] [%emt 0:00:25] (Rh4) } 26...exd4
{ [%eval 40,13] [%emt 0:00:17] (exd4) } 27.Rxg4
{ [%eval 93,13] [%emt 0:00:26] (Rxg4) } 27...Qxg4
{ [%eval 25,15] [%emt 0:00:46] (Qe3) } 28.Qxf8+
{ [%eval 110,18] [%emt 0:00:24] (Qxf8) } 28...Kxf8
{ [%eval -8,17] [%emt 0:00:32] (Kxf8) } 29.Bxg4
{ [%eval 93,18] [%emt 0:00:23] (Bxg4) } 29...dxc3
{ [%eval 4,17] [%emt 0:00:38] (dxc3) } 30.bxc3
{ [%eval 103,18] [%emt 0:00:21] (bxc3) } 30...Ke7
{ [%eval -14,16] [%emt 0:01:55] (h5) } 31.Bf3
{ [%eval 120,15] [%emt 0:00:17] (Ke3) } 31...Kd6
{ [%eval 0,15] [%emt 0:00:29] (Kd6) } 32.e4
{ [%eval 135,16] [%emt 0:00:21] (e4) } 32...Ke5
{ [%eval -25,16] [%emt 0: 00:45] (Ke6) } 33.exd5
{ [%eval 154,17] [%emt 0:00:21] (exd5) } 33...cxd5
{ [%eval -57, 16] [%emt 0:00:31] (cxd5) } 34.Kg3
{ [%eval 163,16] [%emt 0:00:20] (Kg3) } 34...a5
{ [%eval -66,16] [%emt 0:00:35] (a6) } 35.Bd1
{ [%eval 176,16] [%emt 0:00:18] (a4) } 35...Kf6
{ [%eval -129,17] [%emt 0:00:56] (Ke6) } 36.Kf4
{ [%eval 233,16] [%emt 0: 00:11] (Bc2) } 36...Ke6
{ [%eval -134,18] [%emt 0:01:16] (Ke6) } 37.Bb3
{ [%eval 253, 17] [%emt 0:00:19] (Ba4) } 37...Kd6
{ [%eval -134,17] [%emt 0:00:29] (Kd6) } 38.Bc2
{ [%eval 253,17] [%emt 0:00:18] (Kg4) } 38...g5+
{ [%eval -138,19] [%emt 0:01:37] (g5) } 39.Kg4
{ [%eval 264,17] [%emt 0:00:18] (Kg4) } 39...Kc5
{ [%eval -161,18] [%emt 0:00: 33] (Kc5) } 40.Kh5
{ [%eval 262,17] [%emt 0:00:17] (Kh5) } 40...Kc4
{ [%eval -208,19] [%emt 0:00:55] (Kc4) } 41.Bb3+
{ [%eval 246,19] [%emt 0:00:59] (Bb3) } 41...Kxc3
{ [%eval -187,21] [%emt 0:04:36] (Kxc3) } 42.Bxd5
{ [%eval 267,19] [%emt 0:00:58] (Bxd5) } 42...Kb2
{ [%eval -170,21] [%emt 0:03:04] (Kb2) } 43.Be6
{ [%eval 243,20] [%emt 0:00:56] (a4) } 43...a4
{ [%eval -161,22] [%emt 0:03:36] (a4) } 44.Bc4
{ [%eval 284,21] [%emt 0:00:54] (Bd5) } 44...Kb1
{ [%eval -160,21] [%emt 0:00:46] (Kb1) } 45.Bd5
{ [%eval 233,20] [%emt 0:00:53] (Bd5) } 45...a3
{ [%eval -160,24] [%emt 0:01:30] (Kb2) } 46.Bb3
{ [%eval 268,22] [%emt 0:00:51] (Bb3) } 46...Kb2
{ [%eval -160,25] [%emt 0:01:19] (Kc1) } 47.Be6
{ [%eval 227,22] [%emt 0:00:50] (Kg4) } 47...Kb1
{ [%eval -160,25] [%emt 0:00:45] (Ka1) } 48.Bd5
{ [%eval 268,22] [%emt 0:00:48] (Kg4) } 48...Ka1
{ [%eval -160,26] [%emt 0:01:36] (Kb2) } 49.Bb3
{ [%eval 265,22] [%emt 0:00:47] (Kg4) } 49...Kb2
{ [%eval 0,51] [%emt 0:01:02] (Kb2) } 50.Be6
{ [%eval 229,22] [%emt 0:00:46] (Kg4) } 50...Kb1
{ [%eval 0,100] [%emt 0:00:02] (Kb1) } 51.Bg8
{ [%eval 271,22] [%emt 0:00:46] (Kg4) } 51...Kb2
{ [%eval -121,20] [%emt 0:00:37] (Kc2) } 52.Bb3
{ [%eval 271,22] [%emt 0:00:42] (Bf7) } 52...Kc1
{ [%eval -121,22] [%emt 0: 00:30] (Kb1) } 53.Kg4
{ [%eval 268,19] [%emt 0:00:12] (Bf7) } 53...Kd2
{ [%eval -121, 22] [%emt 0:00:31] (Kd2) } 54.Kh5
{ [%eval 251,22] [%emt 0:00:38] (Bf7) } 54...Kc1
{ [%eval 0,47] [%emt 0:00:45] (Kc1) } 55.Bg8
{ [%eval 251,18] [%emt 0:00:10] (Bf7) } 55...Kb2
{ [%eval 0,52] [%emt 0:00:32] (Kb1) } 56.Bd5
{ [%eval 220,21] [%emt 0:00: 40] (Bf7) } 56...Kb1
{ [%eval 0,51] [%emt 0:00:05] (Kb1) } 57.Bc4 Kc1
{ [%eval -121,20] [%emt 0:00:34] (Ka1) } 58.Bf1
{ [%eval 182, 21] [%emt 0:00:40] (Kg4) } 58...Kb2
{ [%eval 0,23] [%emt 0:00:29] (Kb1) } 59.Bc4
{ [%eval 183,22] [%emt 0:00:37] (Kxh6) } 59...Kc1
{ [%eval 0,49] [%emt 0:00:29] (Kc2) } 60.Kg4
{ [%eval 203,21] [%emt 0:00:36] (Kg4) } 60...Kd2
{ [%eval -116,19] [%emt 0:00: 12] (Kd2) } 61.Bf7
{ [%eval 198,21] [%emt 0:00:32] (Bb3) } 61...Ke3
{ [%eval -116,20] [%emt 0:00:21] (Kc1) } 62.Kh5
{ [%eval 270,22] [%emt 0:00:33] (Kh5) } 62...Kf2
{ [%eval -116,21] [%emt 0:00:12] (Kf3) } 63.Bd5
{ [%eval 268,18] [%emt 0:00:05] (Be6) } 63...Kg3
{ [%eval -116,23] [%emt 0:00:16] (Kg3) } 64.Bc6
{ [%eval 287,18] [%emt 0:00:04] (Be6) } 64...Kf2
{ [%eval -116,24] [%emt 0:00:23] (Kh3) } 65.Bb7
{ [%eval 268,22] [%emt 0:00:32] (Bd7) } 65...Kg3
{ [%eval -116,23] [%emt 0:00:08] (Kg3) } 66.Bd5
{ [%eval 260,22] [%emt 0:00:31] (Bc8) } 66...Kf2
{ [%eval -116,22] [%emt 0:00: 05] (Kf2) } 67.Bc6
{ [%eval 280,22] [%emt 0:00:28] (Be6) } 67...Kg3
{ [%eval -116,24] [%emt 0:00:12] (Kg3) } 68.Bd7
{ [%eval 276,17] [%emt 0:00:03] (Ba4) } 68...Kf3
{ [%eval -116,23] [%emt 0:00:03] (Kf3) } 69.Bg4+
{ [%eval 268,22] [%emt 0:00:28] (Bg4) } 69...Kg3
{ [%eval -116,22] [%emt 0:00:03] (Kg3) } 70.Be6
{ [%eval 268,18] [%emt 0:00:03] (Bd1) } 70...Kf3
{ [%eval -116,22] [%emt 0:00:04] (Kf3) } 71.Bc8
{ [%eval 257,21] [%emt 0:00:29] (Bb3) } 71...Kg3
{ [%eval -116,24] [%emt 0:00:11] (Kg3) } 72.Bf5
{ [%eval 282,23] [%emt 0:00:28] (Bb7) } 72...Kf4
{ [%eval -116,25] [%emt 0:00: 07] (Kf3) } 73.Bc8
{ [%eval 268,22] [%emt 0:00:27] (Bh3) } 73...Kg3
{ [%eval 0,34] [%emt 0:00:09] (Kf3) } 74.Bb7
{ [%eval 269,22] [%emt 0:00:26] (Bb7) } 74...Kf2
{ [%eval -116,23] [%emt 0:00:31] (Kf2) } 75.Bc6
{ [%eval 268,22] [%emt 0:00:25] (Be4) } 75...Kg3
{ [%eval 0,100] [%emt 0:00:02] (Kg3) } 76.Bb7
{ [%eval 253,21] [%emt 0:00:25] (Ba4) } 76...Kf2
{ [%eval 0,100] [%emt 0:00:02] (Kh3) } 77.Bd5
{ [%eval 250, 21] [%emt 0:00:23] (Be4) } 77...Kg3
{ [%eval 0,100] [%emt 0:00:02] (Kg3) } 78.Bb3
{ [%eval 260,21] [%emt 0:00:23] (Be6) } 78...Kf2
{ [%eval -116,24] [%emt 0:00:15] (Kg2) } 79.Bd1
{ [%eval 249,21] [%emt 0:00:23] (Bd1) } 79...Kg3
{ [%eval -116,23] [%emt 0:00: 03] (Kg3) } 80.Bg4
{ [%eval 246,23] [%emt 0:00:20] (Ba4) } 80...Kf4
{ [%eval -116,26] [%emt 0:00:12] (Kf4) } 81.Bd1
{ [%eval 231,25] [%emt 0:01:04] (Bh3) } 81...Kg3
{ [%eval 0,54] [%emt 0:02:20] (Kg3) } 82.Bb3
{ [%eval 218,24] [%emt 0:01:02] (Ba4) } 82...Kf2
{ [%eval 0,100] [%emt 0:00:00] (Kf2) } 83.Ba4 Ke3
{ [%eval -116,25] [%emt 0:02:09] (Kg2) } 84.Bc6
{ [%eval 240,24] [%emt 0:00:54] (Bb5) } 84...Kf2
{ [%eval 0,100] [%emt 0:02:15] (Kf2) } 85.Kxh6 g4
{ [%eval -209,31] [%emt 0:02:32] (g4) } 86.Kg5
{ [%eval 310,35] [%emt 0:00:56] (Kg5) } 86...g3
{ [%eval -234,32] [%emt 0:00:58] (g3) } 87.Kf4
{ [%eval 310,37] [%emt 0:00:55] (Kf4) } 87...g2
{ [%eval -244,31] [%emt 0:00:18] (g2) } 88.Bxg2
{ [%eval 310,39] [%emt 0:00:53] (Bxg2) } 1/2-1/2

[Event "41st Amateur D7"]
[Site "ChessGUI4"]
[Date "2013.07.07"]
[Round "16.3"]
[White "FireFly 2.6.0 64-bit"]
[Black "ProChess 1.02AD"]
[Result "1/2-1/2"]
[BlackElo "2244"]
[ECO "B92"]
[EventDate "2013.??.??"]
[TimeControl "40/1500:40/1500:40/1500"]
[WhiteElo "2258"]

{ i5 Quad } 1.e4 c5 2.Nf3 d6 3.d4 cxd4 4.Nxd4 Nf6 5.Nc3 a6 6.Be2 e5 7.Nb3 Be7 8.O-O O-O 9.Be3 Be6 { [%eval -19,12] [%emt 0:00:42] (Qc7) } 10.f4
{ [%eval 54,11] [%emt 0:00:56] (Bf3) } 10...exf4
{ [%eval -15,13] [%emt 0:01:03] (Nbd7) } 11.Rxf4
{ [%eval 72,11] [%emt 0:00:55] (Rxf4) } 11...Nc6
{ [%eval -14,12] [%emt 0:00:48] (Nc6) } 12.Nd4
{ [%eval 64,11] [%emt 0:00:55] (Nd4) } 12...Nxd4
{ [%eval -11,11] [%emt 0:00:59] (Rc8) } 13.Qxd4
{ [%eval 64, 10] [%emt 0:00:45] (Qxd4) } 13...Rc8
{ [%eval -15,10] [%emt 0:00:43] (Qc7) } 14.Qa7
{ [%eval 46,10] [%emt 0:00:45] (Rd1) } 14...d5
{ [%eval 8,11] [%emt 0:00:36] (Qc7) } 15.exd5
{ [%eval 9,11] [%emt 0:00:44] (exd5) } 15...Nxd5
{ [%eval 7,12] [%emt 0:00:46] (Nxd5) } 16.Nxd5
{ [%eval -9,11] [%emt 0:00:44] (Nxd5) } 16...Qxd5
{ [%eval 7,11] [%emt 0:00:40] (Qxd5) } 17.Bd3
{ [%eval -5,10] [%emt 0:00:44] (Bd3) } 17...Rfe8
{ [%eval 8,11] [%emt 0:01:15] (Rfd8) } 18.Qb6
{ [%eval 1,9] [%emt 0:00:43] (Qb6) } 18...Bg5
{ [%eval 8,10] [%emt 0:00:33] (Bf6) } 19.Re4
{ [%eval -8,10] [%emt 0:00:43] (Rf2) } 19...Bd8
{ [%eval 10,11] [%emt 0:00:28] (Bf6) } 20.Qb4
{ [%eval -2,10] [%emt 0: 00:42] (Qa7) } 20...Bf6
{ [%eval 15,11] [%emt 0:00:40] (Bf6) } 21.Bf2
{ [%eval -26,10] [%emt 0:00:42] (Bb6) } 21...Bf5
{ [%eval 17,11] [%emt 0:00:43] (Red8) } 22.Rxe8+
{ [%eval -23,11] [%emt 0:00:42] (Rxe8) } 22...Rxe8
{ [%eval 10,1] [%emt 0:00:00] (Rxe8) } 23.Bc4
{ [%eval -42,11] [%emt 0:00:33] (Bxf5) } 23...Qd7
{ [%eval 25,11] [%emt 0:00: 26] (Qd7) } 24.c3
{ [%eval -54,10] [%emt 0:00:33] (c3) } 24...b5
{ [%eval 20,11] [%emt 0:01:08] (b5) } 25.Bb3
{ [%eval -38,11] [%emt 0:00:33] (Bb3) } 25...Qc7
{ [%eval 16,10] [%emt 0:00:31] (Qc7) } 26.Bg3
{ [%eval -47,10] [%emt 0:00:33] (Qc5) } 26...Qc6
{ [%eval 26,11] [%emt 0:00:26] (Qc6) } 27.Qf4
{ [%eval -46,11] [%emt 0:00:33] (Bf2) } 27...Re2
{ [%eval 37,11] [%emt 0:00:26] (Re2) } 28.Bf2
{ [%eval -73,11] [%emt 0:00:33] (Qb8) } 28...g6
{ [%eval 102,11] [%emt 0:00:59] (g6) } 29.Qb8+
{ [%eval -94, 10] [%emt 0:00:33] (h3) } 29...Kg7
{ [%eval 100,12] [%emt 0:00:32] (Bc8) } 30.Qa7
{ [%eval -94,11] [%emt 0:00:33] (Qa7) } 30...Be6
{ [%eval 100,11] [%emt 0:00:34] (Qd7) } 31.Re1
{ [%eval -148,12] [%emt 0:00:33] (Re1) } 31...Rxe1+
{ [%eval 112,13] [%emt 0: 00:16] (Qe4) } 32.Bxe1
{ [%eval -148,12] [%emt 0:00:00] (Bxe1) } 32...Bxb3 33.axb3
{ [%eval -140,12] [%emt 0:00:35] (axb3) } 33...Qe6
{ [%eval 108,13] [%emt 0:00:26] (Qe6) } 34.Qf2
{ [%eval -166,13] [%emt 0:00:35] (Qf2) } 34...Qxb3
{ [%eval 107,12] [%emt 0:00:14] (Qxb3) } 35.Qd2
{ [%eval -162,12] [%emt 0:00:35] (Qe2) } 35...b4
{ [%eval 105,12] [%emt 0:00:15] (b4) } 36.cxb4
{ [%eval -180,13] [%emt 0:00:35] (cxb4) } 36...Qxb2
{ [%eval 112,13] [%emt 0:00:23] (Qxb2) } 37.Kf2
{ [%eval -192,13] [%emt 0:00:35] (h3) } 37...Qe5
{ [%eval 122,11] [%emt 0:00:13] (Qxd2) } 38.g3
{ [%eval -178,12] [%emt 0:00:35] (g3) } 38...Qe4
{ [%eval 118,11] [%emt 0:00:18] (h5) } 39.Kg1
{ [%eval -178,13] [%emt 0:00:35] (Kg1) } 39...Qc4
{ [%eval 115,12] [%emt 0:00:43] (Qd4) } 40.h3
{ [%eval -188,13] [%emt 0:00:35] (Qd6) } 40...Bd4+
{ [%eval 132,12] [%emt 0:00:29] (h5) } 41.Bf2
{ [%eval -164, 12] [%emt 0:00:37] (Kg2) } 41...Bc3
{ [%eval 115,14] [%emt 0:01:12] (Bc3) } 42.Qd6
{ [%eval -148,13] [%emt 0:00:37] (Qd6) } 42...Qxb4
{ [%eval 115,14] [%emt 0:02:14] (Bxb4) } 43.Qxa6
{ [%eval -149,12] [%emt 0:00:37] (Qxa6) } 43...Qb1+
{ [%eval 115,13] [%emt 0:00:49] (Qe4) } 44.Kh2
{ [%eval -155,12] [%emt 0:00:37] (Kg2) } 44...Qe4
{ [%eval 113,14] [%emt 0:02:05] (Qe4) } 45.Kg1
{ [%eval -166,13] [%emt 0:00:37] (Kg1) } 45...Be5
{ [%eval 113,13] [%emt 0:01:01] (h5) } 46.Qb5
{ [%eval -160,12] [%emt 0:00:37] (Qa3) } 46...h6
{ [%eval 111,12] [%emt 0:00:49] (g5) } 47.Qa5
{ [%eval -159, 12] [%emt 0:00:37] (Qc5) } 47...Qb1+
{ [%eval 111,12] [%emt 0:00:38] (g5) } 48.Kh2
{ [%eval -152,13] [%emt 0:00:37] (Kh2) } 48...Qb2
{ [%eval 110,14] [%emt 0:00:46] (Qb2) } 49.Qc5
{ [%eval -158,14] [%emt 0:00:37] (Qc5) } 49...h5
{ [%eval 113,13] [%emt 0:00: 49] (h5) } 50.h4
{ [%eval -158,13] [%emt 0:00:37] (Qe3) } 50...Qe2
{ [%eval 110,15] [%emt 0:02:32] (Bd6) } 51.Kg1
{ [%eval -152,13] [%emt 0:00:37] (Kg1) } 51...Qe4
{ [%eval 110,14] [%emt 0:00:51] (Qe4) } 52.Qb5
{ [%eval -152,12] [%emt 0:00:37] (Qb5) } 52...Kf6
{ [%eval 111,13] [%emt 0:00:38] (Kf6) } 53.Qd7
{ [%eval -152,12] [%emt 0:00:37] (Qb3) } 53...Qf3
{ [%eval 112,14] [%emt 0:00:35] (Qf3) } 54.Qd8+
{ [%eval -152,12] [%emt 0:00:37] (Qd8) } 54...Kg7
{ [%eval 113,16] [%emt 0:01:48] (Kg7) } 55.Qe8
{ [%eval -154,12] [%emt 0:00:37] (Qe7) } 55...Qd1+
{ [%eval 113,13] [%emt 0:00: 25] (Qf6) } 56.Kh2
{ [%eval -153,12] [%emt 0:00:37] (Kh2) } 56...Qd5
{ [%eval 112,14] [%emt 0:00:55] (Qd6) } 57.Kg1
{ [%eval -156,13] [%emt 0:00:37] (Kg1) } 57...Kf6
{ [%eval 114,13] [%emt 0:00:22] (Bf6) } 58.Qa4
{ [%eval -156,12] [%emt 0:00:37] (Qc8) } 58...Ke6
{ [%eval 114,11] [%emt 0:00:22] (Ke7) } 59.Kh2
{ [%eval -158,12] [%emt 0:00:37] (g4) } 59...Kf5
{ [%eval 116,12] [%emt 0:00:24] (g5) } 60.Qc2+
{ [%eval -157,12] [%emt 0:00:37] (Qc2) } 60...Kf6
{ [%eval 115,13] [%emt 0:00:19] (Kf6) } 61.Qe2
{ [%eval -157,12] [%emt 0:00:37] (Kg1) } 61...Ke6
{ [%eval 114,12] [%emt 0:00: 26] (Qc6) } 62.Qa6+
{ [%eval -156,12] [%emt 0:00:37] (Qa6) } 62...Ke7
{ [%eval 115,12] [%emt 0:00:25] (Kf5) } 63.Kg1
{ [%eval -156,11] [%emt 0:00:37] (Kg1) } 63...Bd6
{ [%eval 114,12] [%emt 0:01:11] (Kd7) } 64.Qe2+
{ [%eval -156,12] [%emt 0:00:37] (Qa7) } 64...Kd7
{ [%eval 114,13] [%emt 0:00:31] (Kd7) } 65.Qa6
{ [%eval -156,12] [%emt 0:00:37] (Qa6) } 65...Be5
{ [%eval 114,12] [%emt 0:00:36] (f6) } 66.Qa7+
{ [%eval -156,12] [%emt 0:00:37] (Qa7) } 66...Ke6
{ [%eval 115,12] [%emt 0:00:33] (Ke6) } 67.Qa6+
{ [%eval -156,12] [%emt 0:00:37] (Qb6) } 67...Kf5
{ [%eval 115,13] [%emt 0:00: 24] (Kf5) } 68.Qc8+
{ [%eval -156,11] [%emt 0:00:37] (Qe2) } 68...Ke4 69.Qa6
{ [%eval -154,12] [%emt 0:00:37] (Qc1) } 69...Kf3
{ [%eval 113, 13] [%emt 0:01:41] (Bd6) } 70.Qf1
{ [%eval -150,13] [%emt 0:00:37] (Qf1) } 70...Kg4
{ [%eval 112,14] [%emt 0:00:29] (Kg4) } 71.Kh2
{ [%eval -149,13] [%emt 0:00:37] (Qe2) } 71...Kf5
{ [%eval 111,13] [%emt 0:00:31] (Kf5) } 72.Bc5+
{ [%eval -132,12] [%emt 0:00:37] (Bc5) } 72...Ke6
{ [%eval 108,13] [%emt 0:00:18] (Ke6) } 73.Qa6+
{ [%eval -132,12] [%emt 0:00:37] (Qa6) } 73...Bd6
{ [%eval 110,13] [%emt 0:00:11] (Kd7) } 74.Bb4
{ [%eval -136,12] [%emt 0:00:37] (Bb4) } 74...Kd7
{ [%eval 110,13] [%emt 0:00: 24] (Kd7) } 75.Qa4+
{ [%eval -145,12] [%emt 0:00:37] (Bxd6) } 75...Qc6
{ [%eval 111,12] [%emt 0:00:11] (Qc6) } 76.Qd1
{ [%eval -146,13] [%emt 0:00:37] (Qd1) } 76...Kc7
{ [%eval 110,13] [%emt 0:00:10] (Ke6) } 77.Bxd6+
{ [%eval -137,12] [%emt 0:00:37] (Bxd6) } 77...Qxd6
{ [%eval 110,14] [%emt 0:00:12] (Qxd6) } 78.Qc2+
{ [%eval -137,13] [%emt 0:00:37] (Qf3) } 78...Kd7
{ [%eval 110,14] [%emt 0:00:16] (Kd7) } 79.Qb3
{ [%eval -137,13] [%emt 0:00:37] (Qa4) } 79...Qe6
{ [%eval 111,12] [%emt 0:00:04] (Ke7) } 80.Qd3+
{ [%eval -137,13] [%emt 0:00:37] (Qb2) } 80...Kc6
{ [%eval 110,13] [%emt 0:00: 05] (Kc6) } 81.Qc2+
{ [%eval -137,13] [%emt 0:00:37] (Qc3) } 81...Kd6
{ [%eval 110,15] [%emt 0:01:37] (Kd6) } 82.Qf2
{ [%eval -137,14] [%emt 0:00:37] (Qd3) } 82...Kd5
{ [%eval 110,15] [%emt 0:00:39] (Ke5) } 83.Qa2+
{ [%eval -137,13] [%emt 0:00:37] (Qd2) } 83...Kd4
{ [%eval 110,15] [%emt 0:00:49] (Kd4) } 84.Qa1+
{ [%eval -137,13] [%emt 0:00:37] (Qd2) } 84...Ke4
{ [%eval 110,15] [%emt 0:01:50] (Kc5) } 85.Qb1+
{ [%eval -137,13] [%emt 0:00:37] (Qa8) } 85...Ke3
{ [%eval 110,15] [%emt 0:02:05] (Ke5) } 86.Qe1+
{ [%eval -137,14] [%emt 0:00:37] (Qb4) } 86...Kd3
{ [%eval 110,15] [%emt 0:01: 09] (Kd3) } 87.Qd1+
{ [%eval -137,14] [%emt 0:00:37] (Qb1) } 87...Kc3
{ [%eval 110,15] [%emt 0:00:35] (Kc4) } 88.Qc1+
{ [%eval -137,13] [%emt 0:00:37] (Qc1) } 88...Kb4
{ [%eval 108,15] [%emt 0:00:42] (Kb4) } 89.Qd1
{ [%eval -137,14] [%emt 0:00:37] (Qb2) } 89...Qa2+
{ [%eval 108,15] [%emt 0:02:31] (Qa2) } 90.Kg1
{ [%eval -137,13] [%emt 0:00:37] (Kg1) } 90...Kc4
{ [%eval 108,14] [%emt 0:00:44] (Kc5) } 91.Qc1+
{ [%eval -137,13] [%emt 0:00:37] (Qf1) } 91...Kb5
{ [%eval 108,15] [%emt 0:01:59] (Kd5) } 92.Qf4
{ [%eval -137,14] [%emt 0:00:37] (Qf4) } 92...Qc4
{ [%eval 108,15] [%emt 0:01: 34] (Qc4) } 93.Qd2
{ [%eval -137,14] [%emt 0:00:37] (Qb8) } 93...Kc5
{ [%eval 108,14] [%emt 0:00:17] (Kc5) } 94.Qg5+
{ [%eval -137,13] [%emt 0:00:37] (Qg5) } 94...Kd6
{ [%eval 108,15] [%emt 0:00:50] (Kc6) } 95.Qd2+
{ [%eval -137,13] [%emt 0:00:37] (Qf6) } 95...Qd5
{ [%eval 108,14] [%emt 0:00:29] (Ke6) } 96.Qe2
{ [%eval -137,13] [%emt 0:00:37] (Qf4) } 96...Qc5+
{ [%eval 108,13] [%emt 0:00:21] (Kc6) } 97.Kg2
{ [%eval -137,13] [%emt 0:00:37] (Kh2) } 97...Qc6+
{ [%eval 108,14] [%emt 0:00:30] (Qd4) } 98.Kf2
{ [%eval -137,13] [%emt 0:00:37] (Kf2) } 98...Qb6+
{ [%eval 108,14] [%emt 0: 00:39] (Qb6) } 99.Kf3
{ [%eval -137,13] [%emt 0:00:37] (Kf3) } 99...Qb3+
{ [%eval 108, 14] [%emt 0:00:13] (Qa5) } 100.Kf4
{ [%eval -112,12] [%emt 0:00:37] (Kf2) } 100...Qa4+
{ [%eval 110,15] [%emt 0:01:09] (Qc3) } 101.Kg5
{ [%eval -73,13] [%emt 0:00:37] (Kg5) } 101...Qd4
{ [%eval 108,14] [%emt 0:00:33] (Qd4) } 102.Qa6+
{ [%eval -70,14] [%emt 0:00:37] (Qa6) } 102...Ke7
{ [%eval 93,14] [%emt 0:00:45] (Ke7) } 103.Qa3+
{ [%eval -70,14] [%emt 0:00:37] (Qa3) } 103...Kd7
{ [%eval 83,14] [%emt 0:00:15] (Kd7) } 104.Qa2
{ [%eval -70,14] [%emt 0:00:37] (Kh6) } 104...Qe5+
{ [%eval 88,14] [%emt 0:00: 11] (Qe5) } 105.Kh6
{ [%eval -70,14] [%emt 0:00:00] (Kh6) } 105...Qh8+ 106.Kg5
{ [%eval -70,14] [%emt 0:00:00] (Kg5) } 106...Qd8+ 107.Kh6
{ [%eval -22,13] [%emt 0:00:41] (Kh6) } 107...Qf8+
{ [%eval 36,15] [%emt 0:01:17] (Qf6) } 108.Kh7
{ [%eval 0,11] [%emt 0:00:41] (Kg5) } 108...Kc6
{ [%eval 0,14] [%emt 0:00:06] (Kc6) } 109.Qc4+
{ [%eval 0,14] [%emt 0:00: 41] (Qa6) } 109...Kb6
{ [%eval 0,14] [%emt 0:00:04] (Kb7) } 110.Qf4
{ [%eval 0,14] [%emt 0:00:41] (Qd5) } 110...Kc5
{ [%eval 13,13] [%emt 0:00:07] (Ka5) } 111.Qg5+
{ [%eval 0,13] [%emt 0:00:41] (Qe4) } 111...Kc4
{ [%eval 0,13] [%emt 0:00:06] (Kb6) } 112.Qf6
{ [%eval 0,14] [%emt 0:00:41] (Qe3) } 112...Kd5
{ [%eval 0,14] [%emt 0:00:04] (Kc5) } 113.Qf3+
{ [%eval 0,12] [%emt 0:00:41] (Qf3) } 113...Kd4
{ [%eval 0,16] [%emt 0:00:06] (Kc4) } 114.Qf2+
{ [%eval 0,12] [%emt 0:00:41] (Qd1) } 114...Kd3
{ [%eval 0,17] [%emt 0: 00:05] (Kc3) } 1/2-1/2